 Dungeon Crawl Stone Soup version 0.32-a0-290-g598725c5f2 (webtiles) character file.

Game seed: 1305327721737711908

133 lunkers the Gusty (level 5, -1/45 HPs)
             Began as an Oni Air Elementalist on Feb 13, 2024.
             Succumbed to a gnoll's poison
             ... on level 2 of the Dungeon.
             The game lasted 00:02:39 (1837 turns).

lunkers the Gusty (Oni Air Elementalist)            Turns: 1837, Time: 00:02:40

Health: -1/45      AC:  3    Str: 12    XL:     5   Next: 16%
Magic:  0/10       EV:  9    Int: 18    God:
Gold:   85         SH:  0    Dex:  9    Spells: 8/11 levels left

rFire   . . .        f - +0 spear
rCold   . . .        (no shield)
rNeg    . . .        a - +0 robe
rPois   .            (helmet restricted)
rElec   .            (no cloak)
rCorr   .            (gloves unavailable)
SInv    .            (boots unavailable)
Will    .....        (no amulet)
Stlth   +            (no ring)
HPRegen 0.27/turn    (no ring)
MPRegen 0.12/turn

%: no passive effects
@: lethally poisoned (-1 -> -28), attractive
A: large, unfitting armour, horns 1, tough skin 1, double potion healing,
drunken brawling
a: no special abilities


You were on level 2 of the Dungeon.
You visited 1 branch of the dungeon, and saw 2 of its levels.

You collected 85 gold pieces.

Inventory:

Hand Weapons
 f - a +0 spear (weapon)
Armour
 a - a +0 robe (worn)
Scrolls
 c - a scroll of amnesia {unknown}
 d - 2 scrolls of identify {unknown}
Potions
 b - a potion of magic


   Skills:
 - Level 1.7 Dodging
 - Level 1.4 Stealth
 + Level 3.8 Spellcasting
 - Level 0.8 Conjurations
 * Level 4.5 Air Magic


You had 8 spell levels left.
You knew the following spells:

 Your Spells              Type           Power      Damage    Failure   Level
a - Shock                 Conj/Air       52%        1d6       4%          1
b - Static Discharge      Conj/Air       26%        3-5/arc   8%          2

Your spell library contained the following spells:

 Spells                   Type           Power      Damage    Failure   Level
 Swiftness                Air            19%        N/A       7%          3
 Airstrike                Air            9%         2d(2-18)  24%         4


Dungeon Overview and Level Annotations

Branches:
Dungeon (2/15)

Altars:


Innate Abilities, Weirdness & Mutations

You are too large for most types of armour.
You have a pair of small horns on your head.
You have tough skin. (AC +1)
You gain doubled healing and magic from potions.
Whenever you drink a healing potion, you attack all around you.


Message History

Press: ? - help, Dir - move target, f/p - gnoll
Aim: a gnoll, wielding a +1 halberd of venom (moderately wounded, about 40% to evade your +0 spear)
You reach to attack!
You hit the gnoll but do no damage.
The gnoll is moderately wounded.
The gnoll hits you from afar with a +1 halberd of venom!
You are poisoned.
Unknown command.
Reach: f) +0 spear
Press: ? - help, Dir - move target, f/p - gnoll
Aim: a gnoll, wielding a +1 halberd of venom (moderately wounded, about 40% to evade your +0 spear)
You reach to attack!
You hit the gnoll.
The gnoll is heavily wounded.
You feel very sick. The gnoll barely misses you.
Unknown command.
Reach: f) +0 spear
Press: ? - help, Dir - move target, f/p - gnoll
Aim: a gnoll, wielding a +1 halberd of venom (heavily wounded, about 40% to evade your +0 spear)
You reach to attack!
You hit the gnoll.
The gnoll is severely wounded.
You feel very sick.
The gnoll hits you from afar with a +1 halberd of venom!
* * * LOW HITPOINT WARNING * * *
You are lethally poisoned!
Unknown command.
It was a potion of attraction.
You feel attractive to monsters.
* * * LOW HITPOINT WARNING * * *
You feel extremely sick. The gnoll barely misses you.
The gnoll is attracted toward you.
Unknown command.
Aiming: Shock (safe; 4% risk of failure)
Press: ? - help, Q - select action, (/) - cycle Shift-Dir - straight line, f/p - gnoll
Aim: a gnoll, wielding a +1 halberd of venom (severely wounded, 72% to hit)
The zap hits the gnoll.
The gnoll is almost dead.
The zap hits the gnoll.
The gnoll is almost dead.
* * * LOW MAGIC WARNING * * *
You die...

#.##....... #.
#..........
#.#######
####.......
#......)#
####.##.###
#.##.##.###.......#
#. #.##.##...#.####
#. #..†......#.#
#.#####.##.....#
#.§g@...##.#####
#.?†..#######...
#.).#.# #...#
†.##.# #...# . #.#
#...# #.# #...# ##


You could see a gnoll.

Vanquished Creatures
  6 gnolls (D:2)
  A dart slug (D:2)
  4 endoplasms
  2 giant cockroaches
  2 goblins (D:1)
  5 hobgoblins
  3 jackals (D:2)
  A kobold (D:1)
  4 quokkas
  5 bats (D:1)
  3 frilled lizards (D:1)
  7 rats
43 creatures vanquished.

Notes
Turn   | Place    | Note
-------+----------+-------------------------------------------
     0 | D:1      | lunkers the Oni Air Elementalist began the quest for the
                  | Orb.
     0 | D:1      | Reached XP level 1. HP: 16/16 MP: 3/3
   213 | D:1      | Reached skill level 3 in Air Magic
   213 | D:1      | Reached XP level 2. HP: 24/24 MP: 1/5
   882 | D:1      | Reached XP level 3. HP: 31/31 MP: 1/7
   885 | D:1      | Learned a level 2 spell: Static Discharge
  1598 | D:2      | Reached XP level 4. HP: 23/39 MP: 2/9
  1600 | D:2      | Reached skill level 4 in Air Magic
  1820 | D:2      | Reached XP level 5. HP: 45/45 MP: 6/10
  1837 | D:2      | Succumbed to a gnoll's poison

Illustrated notes

Levels and vault maps discovered:
D:1:      dpeg_arrival_subterranean_lakeside_camping, layout_basic,
          amcnicky_mini_pool_small
D:2:      layout_loops_cross

Skill      XL: |  1  2  3  4 |
---------------+-------------+-----
Air Magic      | 3 4 |  4.5
Spellcasting   | 3 |  3.8
Dodging        | |  1.7
Stealth        | |  1.4
Conjurations   | |  0.8

Action                     |  1- 3 |  4- 6 || total
---------------------------+-------+-------++-------
  Melee: Unarmed           |     4 |       ||     4
         Headbutt          |     2 |     4 ||     6
         Spear             |     6 |    18 ||    24
   Cast: Shock             |    58 |    22 ||    80
    Use: Potion            |       |     1 ||     1
 Armour: Robe              |    22 |    17 ||    39
  Dodge: Dodged            |    13 |    15 ||    28

Table legend: (Time is in decaauts)
 A = Elapsed time spent in this place.
 B = Non-inter-level travel time spent in this place.
 C = Inter-level travel time spent in this place.
 D = Time resting spent in this place.
 E = Time spent auto-exploring this place.
 F = Levels seen in this place.
 G = Mean time per level.
                   A        B        C        D        E       F      G
               +--------+--------+--------+--------+--------+-----+--------+
         Total |   1838 |   1816 |     22 |      0 |   1615 |   2 |  919.0 |
       Dungeon |   1838 |   1816 |     22 |      0 |   1615 |   2 |  919.0 |
               +--------+--------+--------+--------+--------+-----+--------+

Top non-repeatable levels by time:
     D:1: 1581 daAuts
     D:2: 257 daAuts
